 Dungeon Crawl Stone Soup version 0.32-a0-391-gce5c0aab1b (webtiles) character file.

Game seed: 798905265311610861

154 shadowstone the Ruffian (level 5, -1/33 HPs)
             Began as an Octopode Shapeshifter on Feb 19, 2024.
             Was a Follower of Kikubaaqudgha.
             Slain by Robin
             ... wielding a +0 dagger
              (2 damage)
             ... on level 3 of the Dungeon.
             The game lasted 00:06:04 (2046 turns).

shadowstone the Ruffian (Octopode Shapeshifter)     Turns: 2046, Time: 00:06:05

Health: -1/33      AC:  1    Str: 12 (14) XL:     5   Next: 36%
Magic:  5/5        EV: 13    Int: 10 (12) God:    Kikubaaqudgha [*.....]
Gold:   86         SH:  0    Dex: 10 (13) Spells: 4/4 levels left

rFire   . .          .
                       - Unarmed
rCold   . . .        (no shield)
rNeg    . . .        (helmet currently unavailable)
rPois   .            i - amulet of magic regeneration
rElec   .            (no ring)
rCorr   .            (no ring)
SInv    .            (no ring)
Will    .....        (no ring)
Stlth   +++          (no ring)
HPRegen 0.25/turn    (no ring)
MPRegen 0.49/turn    (no ring)
                     (no ring)

%: no passive effects
@: beast-form
A: beast (slay +2), almost no armour, amphibious, 8 rings, camouflage 1,
gelatinous body 1, (nimble swimmer 1), tentacles
a: Begin Untransformation, Renounce Religion, Unearth Wretches


You were on level 3 of the Dungeon.
You worshipped Kikubaaqudgha.
Kikubaaqudgha was aware of your devotion.
You were a hulking beast.
You visited 1 branch of the dungeon, and saw 3 of its levels.

You collected 86 gold pieces.

Inventory:

Jewellery
 i - an amulet of magic regeneration (around mantle)
Talismans
 b - a beast talisman (active)
 c - a flux talisman
Scrolls
 f - 3 scrolls of teleportation {unknown}
 h - a scroll of fear {unknown}
 j - a scroll of enchant armour {unknown}
 k - a scroll of identify {unknown}
Potions
 a - a potion of lignification
 d - a potion of haste {unknown}
 g - 2 potions of enlightenment {unknown}


   Skills:
 + Level 1.1 Fighting
 + Level 2.1 Dodging
 + Level 3.3 Stealth
 + Level 4.3 Unarmed Combat
 + Level 4.0 Shapeshifting


You had 4 spell levels left.
You didn't know any spells.
Your spell library contained the following spells:

 Spells                   Type           Power      Damage    Failure   Level
 Kiss of Death            Conj/Necr      0%         2d5       36%         1
 Necrotise                Necr           0%         1d4       36%         1
 Fugue of the Fallen      Necr           0%         N/A       75%         3
 Vampiric Draining        Necr           0%         2d6       75%         3


Dungeon Overview and Level Annotations

Branches:
Dungeon (3/15)

Altars:
Kikubaaqudgha

Annotations:
D:3 Robin


Innate Abilities, Weirdness & Mutations

You are a hulking beast.
Your limbs bulge with bestial killing power. (Slay +2)
You cannot wear most types of armour.
You are amphibious.
You can wear up to eight rings at the same time.
Your skin changes colour to match your surroundings (Stealth+).
Your rubbery body absorbs attacks. (AC +1, EV +1)
((You are camouflaged when in or above water. (Stealth+)))
You have tentacles for arms and can constrict up to eight enemies at once.


Message History

Things that are here:
a +0 club; a goblin corpse You bludgeon the goblin!
You kill the goblin!
Kikubaaqudgha accepts your kill. The goblin misses you.
The goblin closely misses you. The goblin hits you with a +0 dagger.
Robin says, "Bow before me, strongest of all the hobgoblins!"
Robin roars a battlecry!
The goblins go into a battle-frenzy!
Your Shapeshifting skill increases to level 4!
You tentacle-slap the goblin. Your grab misses the goblin.
The goblin is heavily wounded.
The goblin barely misses you. x2; The goblin hits you with a +0 dagger.
* * * LOW HITPOINT WARNING * * *
You closely miss the goblin. You grab the goblin. You constrict the goblin.
You barely miss the goblin. You grab the goblin.
The goblin is heavily wounded.
You constrict the goblin.
You kill the goblin!
Kikubaaqudgha accepts your kill.
You constrict the goblin.
A goblin comes into view. It is wielding a +0 club.
The goblin closely misses you. x2
The goblin shouts!
You tentacle-slap the goblin.
You kill the goblin!
Kikubaaqudgha accepts your kill.
A goblin comes into view. It is wielding a +0 club.
The goblin hits you with a +0 dagger.
* * * LOW HITPOINT WARNING * * *
Robin hits you with a +0 dagger.
* * * LOW HITPOINT WARNING * * *
Things that are here:
a +0 sling; a +0 dagger You barely miss Robin.
You grab Robin. You constrict Robin, but do no damage.
The goblin closely misses you. Robin hits you with a +0 dagger.
You die...
Robin lets out a smug laugh.
Kikubaaqudgha rasps: You have failed me!
Welcome... death!

## .. #. #.
##+## #.##...##
#.#.....##
.#.###.)).....##
.....gghg).....#
...g...........+
...###.........#
.# ##.......##
##.....##
##.<.## ##+##


You could see Robin and 3 goblins.

Vanquished Creatures
  3 adders (D:2)
  2 ribbon worms (D:2)
  A dart slug (D:2)
  4 orcs
  5 endoplasms
  7 giant cockroaches
  11 goblins
  4 hobgoblins
  5 jackals
  3 quokkas
  7 ball pythons
  3 bats (D:1)
  2 frilled lizards
  4 kobolds
  3 rats
64 creatures vanquished.

Notes
Turn   | Place    | Note
-------+----------+-------------------------------------------
     0 | D:1      | shadowstone the Octopode Shapeshifter began the quest for
                  | the Orb.
     0 | D:1      | Reached XP level 1. HP: 13/13 MP: 1/1
   125 | D:1      | Reached XP level 2. HP: 17/18 MP: 2/2
   277 | D:1      | Reached XP level 3. HP: 23/23 MP: 3/3
   510 | D:1      | Reached skill level 1 in Stealth
  1077 | D:2      | Reached XP level 4. HP: 28/28 MP: 4/4
  1671 | D:2      | Reached XP level 5. HP: 33/33 MP: 5/5
  1768 | D:2      | Found a faded altar of an unknown god.
  1837 | D:2      | Prayed at the altar of an unknown god.
  1837 | D:2      | Became a worshipper of Kikubaaqudgha
  1837 | D:2      | Reached * piety under Kikubaaqudgha
  1837 | D:2      | Received a gift from Kikubaaqudgha
  2035 | D:3      | Noticed Robin
  2045 | D:3      | HP: 1/33 [Robin/+0 dagger (2)]
  2046 | D:3      | Slain by Robin

Illustrated notes

Levels and vault maps discovered:
D:1:      psy_arrival_radial01, layout_basic
D:2:      layout_basic, ebering_ecumenical_altar_petrified
D:3:      layout_loops_corners, uniq_robin

Skill      XL: |  1  2  3  4  5 |
---------------+----------------+-----
Stealth        | 2 3 |  3.3
Unarmed Combat | 4 |  4.3
Shapeshifting  | 4 |  4.0
Fighting       | |  1.1
Dodging        | |  2.1

Action                     |  1- 3 |  4- 6 || total
---------------------------+-------+-------++-------
  Melee: Unarmed           |    48 |    72 ||   120
         Constrict         |    16 |    27 ||    43
         Tentacles         |    10 |    23 ||    33
         Punch             |     1 |       ||     1
    Use: Scroll            |       |     1 ||     1
         Potion            |       |     1 ||     1
   Stab: Sleeping          |     8 |     5 ||    13
 Armour: Skin              |    14 |    35 ||    49
  Dodge: Dodged            |    25 |    38 ||    63

Table legend: (Time is in decaauts)
 A = Elapsed time spent in this place.
 B = Non-inter-level travel time spent in this place.
 C = Inter-level travel time spent in this place.
 D = Time resting spent in this place.
 E = Time spent auto-exploring this place.
 F = Levels seen in this place.
 G = Mean time per level.
                   A        B        C        D        E       F      G
               +--------+--------+--------+--------+--------+-----+--------+
         Total |   2036 |   1961 |     75 |    187 |   1116 |   3 |  678.7 |
       Dungeon |   2036 |   1961 |     75 |    187 |   1116 |   3 |  678.7 |
               +--------+--------+--------+--------+--------+-----+--------+

Top non-repeatable levels by time:
     D:2: 1035 daAuts
     D:1: 978 daAuts
     D:3: 22 daAuts
